 Dungeon Crawl Stone Soup version 0.23.2-1-ga50397a (webtiles) character file.

Game seed: 17268972873343361291

7053 spiff the Slinger (level 11, 0/73 (75) HPs)
             Began as a Halfling Skald on Apr 19, 2019.
             Was a Priest of Dithmenos.
             Slain by a seven-headed hydra (18 damage)
             ... on level 1 of the Lair of Beasts on Apr 23, 2019.
             The game lasted 00:45:39 (16131 turns).

spiff the Slinger (Halfling Skald)                 Turns: 16131, Time: 00:45:39

HP:   0/73 (75)     AC:  5    Str: 14    XL:     11   Next: 30%
MP:   16/16         EV: 19    Int: 15    God:    Dithmenos [***...]
Gold: 418           SH:  0    Dex: 15    Spells: 8/17 levels left

rFire    . . .     SeeInvis .   a - +0 falchion
rCold    . . .     Gourm    .   (shield restricted)
rNeg     . . .     Faith    .   s - +1 animal skin
rPois    +         Spirit   .   (no helmet)
rElec    .         Reflect  .   e - scarf {cloud immunity}
rCorr    .         Harm     .   (no gloves)
MR       .....                  i - +1 pair of boots
Stlth    ++........             C - amulet of rage
HPRegen  0.22/turn              P - +3 ring of intelligence
MPRegen  0.15/turn              q - ring of poison resistance

@: wreathed by umbra
A: small, mutation resistance 1
a: Shadow Step, Renounce Religion, Evoke Berserk Rage


You were on level 1 of the Lair of Beasts.
You worshipped Dithmenos.
Dithmenos was most pleased with you.
You were not hungry.

You visited 3 branches of the dungeon, and saw 11 of its levels.
You also visited: Ossuary.

You collected 508 gold pieces.
You spent 90 gold pieces at shops.

Inventory:

Hand Weapons
 a - a +0 falchion (weapon)
 b - a +0 hunting sling
Missiles
 t - 278 stones (quivered)
 u - 21 sling bullets
Armour
 e - a scarf of cloud immunity (worn)
 i - a +1 pair of boots (worn)
 n - a +0 helmet
 s - a +1 animal skin (worn)
 x - a +0 shield
 y - a +1 scale mail of fire resistance
 S - a +0 buckler
Jewellery
 k - an uncursed ring of see invisible
 l - an uncursed amulet of magic regeneration
 q - a ring of poison resistance (right hand)
 C - an amulet of rage (around neck)
 E - an uncursed ring of protection from magic
 I - a +4 amulet of reflection
 P - a +3 ring of intelligence (left hand)
Wands
 r - a wand of disintegration (8)
 z - a wand of paralysis (13)
 B - a wand of clouds (6)
 F - a wand of acid (5)
 J - a wand of polymorph (3)
 M - a wand of flame (12)
 N - a wand of iceblast (16)
 O - a wand of random effects (15)
Scrolls
 c - 2 scrolls of remove curse
 g - a scroll of blinking
 h - a scroll of fog
 j - 9 scrolls of identify
 D - 3 scrolls of fear
 G - 4 scrolls of enchant armour
 K - a scroll of summoning {unknown}
 L - a scroll of amnesia
 Q - a scroll of enchant weapon {unknown}
 R - a scroll of teleportation
Potions
 f - a potion of heal wounds
 m - 2 potions of resistance
 o - a potion of berserk rage
 p - 4 potions of curing
 v - 5 potions of haste
 w - 5 potions of brilliance
 A - 4 potions of flight
 H - a potion of magic {unknown}
 T - a potion of ambrosia {unknown}
Comestibles
 d - 15 rations
 U - 5 chunks of flesh


   Skills:
 - Level 7.0 Fighting
 + Level 9.6 Long Blades
 - Level 10.0 Slings
 - Level 1.1 Armour
 + Level 7.3 Dodging
 + Level 2.9 Shields
 + Level 3.5 Spellcasting
 - Level 5.0 Charms
 - Level 2.0 Necromancy


You had 8 spell levels left.
You knew the following spells:

 Your Spells              Type           Power        Failure   Level  Hunger
a - Regeneration          Chrm/Necr      ##........   13%         3    ###....
b - Shroud of Golubria    Chrm/Tloc      ##........   11%         2    ##.....
c - Animate Skeleton      Necr           N/A          9%          1    None
d - Spectral Weapon       Hex/Chrm       ##......     21%         3    ###....

Your spell library contained the following spells:

 Spells                   Type           Power        Failure   Level  Hunger
 Infusion                 Chrm           ###.         2%          1    None
 Song of Slaying          Chrm           ###.....     3%          2    ##.....
 Apportation              Tloc           #.....       19%         1    None
 Confusing Touch          Hex            #.....       19%         1    None
 Summon Small Mammal      Summ           #...         19%         1    None


Dungeon Overview and Level Annotations

Branches:
Dungeon (9/15)             Temple (1/1) D:7            Lair (1/6) D:9
    Orc (0/2) D:9

Altars:
Ashenzari
Cheibriados
Dithmenos
Fedhas
Gozag
Makhleb
Nemelex Xobeh
Sif Muna
Wu Jian
Zin

Shops:
D:5 ?   D:6 %

Annotations:
D:6 exclusion: door, Dowan


Innate Abilities, Weirdness & Mutations

You are small and have problems with some larger weapons.
You are somewhat resistant to further mutation.


Message History

Evoke which item? (* to show all) (? for menu, Esc to quit)
Aiming: Iceblast
Press: ? - help, Shift-Dir - straight line, f/p - seven-headed hydra
Aim: a seven-headed hydra (lightly wounded, covered in acid, umbra)
Okay, then.
There is a staircase back to the Dungeon here.
Evoke which item? (* to show all) (? for menu, Esc to quit)
Aiming: Corrosive Bolt
Press: ? - help, Shift-Dir - straight line, f/p - seven-headed hydra
Aim: a seven-headed hydra (lightly wounded, covered in acid, umbra)
The bolt of acid hits the seven-headed hydra!
The seven-headed hydra is splashed with acid!
The acid corrodes the seven-headed hydra!
The seven-headed hydra is moderately wounded.
The seven-headed hydra bites you! The seven-headed hydra bites you.
The seven-headed hydra barely misses you.
The seven-headed hydra bites you!
* * * LOW HITPOINT WARNING * * *
The seven-headed hydra misses you. The seven-headed hydra bites you!!
You die...

.........................# ##.
........#....P..........## #
####......#.#...........##
#.....................#
##..YD.##.#..........##
#P....#....#.........#########
##....#....#..................
#....Y.....#..###.#.#.........
##....#....#.@# ######........
#.....#....#.D### ####........
###....####+#..#.###..P........
..........YY....................
.###.##P########.#####.#########
## ### ### ###


You could see a seven-headed hydra.

Vanquished Creatures
  Pikel (D:4)
  A black mamba (Lair:1)
  A spiny frog (Lair:1)
  Grinder (D:4)
  2 hippogriffs
  2 hogs (D:7)
  2 yaks
  A human (D:7)
  2 wargs
  Edmund (D:4)
  A water moccasin (Lair:1)
  A porcupine (Lair:1)
  3 slaves
  2 phantoms (D:4)
  3 ice beasts
  3 orc warriors
  2 necrophages (D:7)
  2 ogres
  6 centaurs
  A crocodile (D:8)
  3 big kobolds
  2 gnoll sergeants (D:8)
  2 scorpions
  6 killer bees (D:9)
  8 crimson imps
  2 hounds (D:9)
  2 quasits
  A bullfrog zombie (D:7)
  A jelly (D:9)
  6 orc wizards
  A bullfrog skeleton (D:9)
  5 orc priests
  Jessica (D:3)
  Ijyb (D:2)
  7 worker ants
  6 big kobold zombies (Ossuary)
  A hound skeleton (D:4)
  A mummy (Ossuary)
  A worker ant zombie (D:7)
  Robin (D:1)
  9 gnolls
  4 adders
  2 adder zombies (D:9)
  2 adder skeletons
  A worm (D:3)
  3 dart slugs
  8 leopard geckos
  32 orcs
  A spectral bat (Ossuary)
  A ball python (D:1)
  10 giant cockroaches
  14 goblins
  13 hobgoblins
  6 jackals
  29 kobolds
  4 quokkas
  6 bats
  6 bat simulacra (Ossuary)
  A frilled lizard (D:2)
  6 gnoll zombies (Ossuary)
  A goblin simulacrum (Ossuary)
  4 goblin zombies (Ossuary)
  3 hobgoblin zombies (Ossuary)
  3 kobold simulacra (Ossuary)
  4 kobold zombies (Ossuary)
  A leopard gecko zombie (D:7)
  7 orc zombies (Ossuary)
  A quokka zombie (D:7)
  7 rats
  2 rat simulacra (Ossuary)
  2 spectral goblins (Ossuary)
  7 spectral kobolds (Ossuary)
  5 spectral rats (Ossuary)
301 creatures vanquished.

Vanquished Creatures (collateral kills)
  A hippogriff (Lair:1)
  A hog (D:7)
  2 black bears
  An ogre (D:6)
  A bullfrog (Lair:1)
  An orc wizard (D:8)
  A hound skeleton (D:9)
  A gnoll (D:7)
  A worm (D:6)
  5 orcs
  4 goblins
  A bat (D:3)
  A kobold (D:9)
21 creatures vanquished.

Vanquished Creatures (others)
  A slave (D:4)
  A fungus (D:3)
  3 plants (D:3)
  9 spectral weapons
14 creatures vanquished.

Grand Total: 336 creatures vanquished

Notes
Turn   | Place    | Note
-------+----------+-------------------------------------------
     0 | D:1      | spiff the Halfling Skald began the quest for the Orb.
     0 | D:1      | Reached XP level 1. HP: 14/14 MP: 3/3
    54 | D:1      | Reached XP level 2. HP: 8/19 MP: 4/4
   147 | D:1      | Learned a level 2 spell: Shroud of Golubria
   352 | D:1      | Reached XP level 3. HP: 22/24 MP: 5/5
   387 | D:1      | Found a sparkling altar of Nemelex Xobeh.
   774 | D:2      | Reached XP level 4. HP: 28/29 MP: 0/6
   830 | D:2      | Learned a level 1 spell: Animate Skeleton
   981 | D:2      | Noticed Robin
  1472 | D:1      | Killed Robin
  1927 | D:3      | Reached XP level 5. HP: 35/35 MP: 5/7
  1992 | D:3      | Found an opulent altar of Gozag.
  2739 | D:2      | Reached skill level 1 in Necromancy
  3293 | D:3      | Noticed Jessica
  3293 | D:3      | Reached XP level 6. HP: 41/41 MP: 8/8
  3297 | D:3      | Killed Jessica
  3328 | D:3      | Found a burning altar of Makhleb.
  3805 | D:3      | Noticed Ijyb
  3882 | D:2      | Learned a level 3 spell: Spectral Weapon
  3902 | D:3      | Paralysed by Ijyb for 4 turns
  3912 | D:2      | Paralysed by Ijyb for 5 turns
  3918 | D:2      | Killed Ijyb
  4384 | D:3      | Found a shattered altar of Ashenzari.
  4388 | D:3      | Saw a vision of the Swamp and the Snake Pit.
  4388 | D:3      | Noticed a naga mage
  4388 | D:3      | Noticed a black mamba
  4388 | D:3      | Noticed a mana viper
  4388 | D:3      | Noticed a shock serpent
  4388 | D:3      | Noticed a naga
  4388 | D:3      | Noticed an anaconda
  4388 | D:3      | Noticed a swamp drake
  4388 | D:3      | Noticed an alligator
  4388 | D:3      | Noticed an alligator
  4388 | D:3      | Noticed an alligator
  4502 | D:4      | Noticed Pikel
  4502 | D:4      | Noticed a slave
  4502 | D:4      | Noticed a slave
  4502 | D:4      | Noticed a slave
  4505 | D:4      | Noticed a slave
  4699 | D:3      | Killed a slave
  4749 | D:4      | Noticed Edmund
  4749 | D:4      | Noticed a phantom
  5032 | D:4      | Noticed an ogre
  5044 | D:4      | HP: 1/42 [ogre/+0 giant club (4)]
  5459 | D:4      | Reached XP level 7. HP: 34/46 MP: 7/9
  5548 | D:5      | Entered Level 5 of the Dungeon
  5735 | D:5      | Found Pygom's Magic Scroll Emporium.
  5744 | D:5      | Bought a scroll of blinking for 90 gold pieces
  5804 | D:5      | Learned a level 3 spell: Regeneration
  5811 | D:5      | Found a shattered altar of Ashenzari.
  5841 | D:5      | Reached skill level 1 in Slings
  5841 | D:5      | Reached skill level 5 in Charms
  6406 | D:5      | Found a snail-covered altar of Cheibriados.
  6588 | D:6      | Reached skill level 2 in Slings
  6960 | D:6      | Reached XP level 8. HP: 54/54 MP: 8/10
  7112 | D:6      | Reached skill level 3 in Slings
  7395 | D:6      | Reached skill level 5 in Dodging
  7598 | D:6      | Found a deep blue altar of Sif Muna.
  7609 | D:6      | Reached skill level 4 in Slings
  7910 | D:6      | Noticed Dowan
  7969 | D:6      | Found Nuacefac's Food Shop.
  8149 | D:7      | Reached skill level 5 in Long Blades
  8214 | D:7      | Found a staircase to the Ecumenical Temple.
  8270 | Temple   | Entered the Ecumenical Temple
  8305 | Temple   | Became a worshipper of Dithmenos the Shadowed
  8415 | D:7      | Reached skill level 5 in Slings
  8436 | D:7      | Found a sand-covered staircase.
  8448 | Ossuary  | Entered an ossuary
  8780 | Ossuary  | Reached * piety under Dithmenos
  9219 | Ossuary  | Reached XP level 9. HP: 57/60 MP: 11/11
  9371 | D:7      | Reached skill level 5 in Fighting
  9400 | D:7      | Reached skill level 6 in Slings
  9658 | D:7      | Reached skill level 7 in Slings
  9660 | D:7      | Reached ** piety under Dithmenos
  9660 | D:7      | Reached skill level 8 in Slings
  9661 | D:7      | Reached skill level 9 in Slings
 10326 | D:7      | Noticed a hippogriff
 10344 | D:7      | Killed a hippogriff
 10755 | D:7      | Found an ornate altar of the Wu Jian Council.
 10794 | D:7      | Reached skill level 10 in Slings
 11044 | D:8      | Reached XP level 10. HP: 53/64 MP: 10/13
 12827 | D:4      | Killed Pikel
 12924 | D:4      | Noticed Grinder
 12941 | D:4      | Killed Grinder
 13048 | D:4      | Killed Edmund
 13877 | D:9      | Reached *** piety under Dithmenos
 14210 | D:9      | Found a staircase to the Orcish Mines.
 14252 | D:9      | Found a staircase to the Lair.
 14879 | D:9      | Reached XP level 11. HP: 73/73 MP: 15/15
 15611 | Lair:1   | Entered Level 1 of the Lair of Beasts
 15672 | Lair:1   | Reached skill level 1 in Shields
 16095 | Lair:1   | Noticed a seven-headed hydra
 16131 | Lair:1   | Slain by a seven-headed hydra

Skill      XL: |  1  2  3  4  5  6  7  8  9 10 11 |
---------------+----------------------------------+-----
Fighting       | 2 3 4 5 7 |  7.0
Charms         | 4 5 |  5.0
Dodging        | 3 4 5 7 |  7.3
Long Blades    | 3 4 5 6 8 9 |  9.6
Necromancy     | 1 2 |  2.0
Slings         | 2 5 10 | 10.0
Spellcasting   | 2 3 |  3.5
Shields        | 2 |  2.9
Armour         | |  1.1

Action                   |  1- 3 |  4- 6 |  7- 9 | 10-12 || total
-------------------------+-------+-------+-------+-------++-------
Melee: Falchion          |   118 |   359 |   556 |   466 ||  1499
 Fire: Hunting sling     |       |     2 |    67 |   140 ||   209
 Cast: Shroud of Golubri |     7 |    27 |     7 |     5 ||    46
       Animate Skeleton  |       |    20 |    12 |    20 ||    52
       Spectral Weapon   |       |     4 |    26 |    21 ||    51
       Infusion          |       |     1 |       |       ||     1
       Regeneration      |       |       |     4 |     3 ||     7
 Abil: Evoke Berserk Rag |       |       |     1 |     6 ||     7
Evoke: Wand              |       |       |     2 |     5 ||     7
  Use: Scroll            |       |    12 |     6 |       ||    18
       Potion            |       |       |     3 |       ||     3
 Stab: Sleeping          |       |     3 |     3 |     1 ||     7
       Distracted        |       |       |       |     2 ||     2
  Eat: Chunk             |       |    17 |    17 |    16 ||    50
       Ration            |       |     1 |     3 |     3 ||     7
Armor: Leather armour    |    28 |    21 |       |       ||    49
       Animal skin       |       |    53 |    95 |    61 ||   209
       Skin              |       |       |    40 |       ||    40
Dodge: Dodged            |   106 |   337 |   466 |   529 ||  1438
       Rpst.: Falchion   |    36 |    88 |   146 |   135 ||   405
